 Dungeon Crawl Stone Soup version 0.22-a0-160-gcc81d7a (webtiles) character file.

84 KristoblXynda the Slasher (level 4, -4/36 HPs)
             Began as a Draconian Gladiator on Feb 10, 2018.
             Slain by a goblin (6 damage)
             ... led by Robin
             ... on level 2 of the Dungeon.
             The game lasted 00:03:15 (1055 turns).

KristoblXynda the Slasher (Draconian Gladiator)     Turns: 1055, Time: 00:03:16

Health: -4/36      AC:  0    Str: 16    XL:     4   Next: 23%
Magic:  4/4        EV: 16    Int: 14    God:
Gold:   61         SH:  0    Dex: 13    Spells: 3/3 levels left

rFire    . . .     SeeInvis .   (weapon currently unavailable)
rCold    . . .     Gourm    .   (shield currently unavailable)
rNeg     . . .     Faith    .   (armour unavailable)
rPois    .         Spirit   .   (helmet currently unavailable)
rElec    .         Reflect  .   (cloak currently unavailable)
rCorr    .         Harm     .   (gloves currently unavailable)
MR       .....                  (boots currently unavailable)
Stlth    +.........             (no amulet)
HPRegen  0.12/turn              (ring currently unavailable)
MPRegen  0.09/turn              (ring currently unavailable)

@: brilliant, pig-form (expiring), very quick
A: small, unfitting armour, AC +5
a: no special abilities


You were on level 2 of the Dungeon.
You were hungry.
You were a filthy swine.
You visited 1 branch of the dungeon, and saw 2 of its levels.

You collected 61 gold pieces.

Inventory:

Hand Weapons
 a - a +0 long sword (melded)
Missiles
 c - 3 throwing nets (quivered)
Armour
 b - a +0 hat (melded)
Jewellery
 k - an uncursed amulet of magic regeneration {unknown}
Scrolls
 e - 2 scrolls of remove curse {unknown}
 f - 3 scrolls of identify {unknown}
 g - 2 scrolls of fear {unknown}
 l - a scroll of enchant armour {unknown}
 m - a scroll of magic mapping {unknown}
 o - a scroll of noise {unknown}
Potions
 h - a potion of haste {unknown}
 i - 3 potions of agility
Comestibles
 d - 2 rations


   Skills:
 - Level 2.1 Fighting
 * Level 4.3 Long Blades
 - Level 2.0 Throwing
 + Level 3.4 Dodging


You had 3 spell levels left.
You didn't know any spells.

Dungeon Overview and Level Annotations

Branches:
Dungeon (2/15)

Altars:

Annotations:
D:2 Robin


Innate Abilities, Weirdness & Mutations

((Your plain brown scales are hard. (AC +5)))
You cannot fit into any form of body armour.
((You are cold-blooded and may be slowed by cold attacks.))


Message History

The hobgoblin hits you with a club!
* * * LOW HITPOINT WARNING * * *
Robin throws the goblin at you!
* * * LOW HITPOINT WARNING * * *
The goblin completely misses you.
It was a potion of brilliance.
You feel clever all of a sudden.
Your transformation is almost over.
The hobgoblin no longer looks unusually strong.
The goblin hits you.
* * * LOW HITPOINT WARNING * * *
The hobgoblin closely misses you. The goblin completely misses you.
The hobgoblin barely misses you.
Robin roars a battlecry!
The goblins go into a battle-frenzy!
A goblin comes into view. It is wielding a dagger.
The goblin shouts!
You hear a shout!
It was a potion of magic.
Magic courses through your body.
The hobgoblin no longer looks unusually strong.
The goblin hits you.
You die...

..+..###.##.........# #..##.#
..##.# #.###.g......# #.....# ..
#.# #.# #........# ##.######## ..
#.# #.# #(.......# #......... ..
#.# #.# #........# #.##§##### #.#
#.# #.#.g##..#######'##### #.#
#.# #..#.##.##≈≈≈≈≈≈.≈≈§≈§ #.#
#.####.#gg#.##≈........§§.
#.###.......ghg.##≈........§..
####...........#g####≈§..........
...#........†....# #≈.§....)....
...#..........#..####≈...........
...#..........#..##.+............
...)..........#.....#≈....(......
...#........<.#...###≈...........
####..........##..###≈§..........
..##..........##...##§§..........


You could see Robin, 2 hobgoblins and 4 goblins.

Vanquished Creatures
  A howler monkey (D:2)
  2 dart slugs (D:2)
  6 goblins
  6 hobgoblins
  A quokka (D:2)
  10 bats
  4 frilled lizards
  5 kobolds
  10 rats
45 creatures vanquished.

Notes
Turn   | Place    | Note
-------+----------+-------------------------------------------
     0 | D:1      | KristoblXynda the Draconian Gladiator began the quest for the Orb.
     0 | D:1      | Reached XP level 1. HP: 17/17 MP: 1/1
    97 | D:1      | Reached XP level 2. HP: 14/24 MP: 2/2
   701 | D:2      | Reached XP level 3. HP: 29/29 MP: 3/3
   864 | D:2      | Reached skill level 4 in Long Blades
   864 | D:2      | Reached XP level 4. HP: 30/36 MP: 4/4
  1035 | D:2      | Noticed Robin
  1055 | D:2      | Slain by a goblin

Vault maps used:
D:1:      dpeg_arrival_pits
D:2:      kennysheep_generic_room_16, uniq_robin

Skill      XL: |  1  2  3 |
---------------+----------+-----
Throwing       | 2 |  2.0
Dodging        | 3 |  3.4
Long Blades    | 4 |  4.3
Fighting       | |  2.1

Action                   |  1- 3 |  4- 6 || total
-------------------------+-------+-------++-------
Melee: Long sword        |    80 |    14 ||    94
       Tailslap          |    10 |     1 ||    11
       Unarmed           |       |    11 ||    11
  Use: Potion            |       |     2 ||     2
 Stab: Sleeping          |     1 |       ||     1
Armor: Skin              |    27 |     8 ||    35
Dodge: Dodged            |    54 |    28 ||    82
       Rpst.: Long sword |    20 |     5 ||    25

Table legend:
 A = Spawn XP
 B = Non-spawn XP
 C = Spawn XP percentage of total XP
 D = Spawn monster count
 E = Non-spawn monster count
 F = Spawn count percentage of total count
 G = Total turns spent on level
                    A         B        C        D         E        F      G
               +---------+---------+-------+---------+---------+-------+---------
         Total |       0 |     120 |   0.0 |       0 |      45 |   0.0 |  1055
               +---------+---------+-------+---------+---------+-------+---------
           D:1 |       0 |      34 |   0.0 |       0 |      25 |   0.0 |   659
           D:2 |       0 |      86 |   0.0 |       0 |      20 |   0.0 |   396
               +---------+---------+-------+---------+---------+-------+---------
